 Dungeon Crawl Stone Soup version 0.31.0-9-g3a7656b989 (webtiles) character file.

Game seed: 4463333726484022565

463 qw the Skirmisher (level 6, -4/36 HPs)
             Began as a Deep Elf Hunter on Feb 3, 2024.
             Was a Follower of Okawaru.
             Slain by an orc
             ... wielding a +0 war axe
              (7 damage)
             ... on level 4 of the Dungeon.
             The game lasted 00:01:41 (2825 turns).

qw the Skirmisher (Deep Elf Hunter)                 Turns: 2825, Time: 00:01:42

Health: -4/36      AC:  5    Str: 10    XL:     6   Next: 79%
Magic:  8/8        EV: 11    Int: 14    God:    Okawaru [*.....]
Gold:   7          SH:  0    Dex: 18    Spells: 5/5 levels left

rFire   . . .        a - +0 shortbow
rCold   . . .        (shield currently unavailable)
rNeg    . . .        f - +0 ring mail
rPois   .            (no helmet)
rElec   .            (no cloak)
rCorr   .            (no gloves)
SInv    .            (no boots)
Will    .....        (no amulet)
Stlth   +            (no ring)
HPRegen 0.26/turn    (no ring)
MPRegen 0.11/turn

%: no passive effects
@: no status effects
A: no striking features
a: Renounce Religion, Heroism


You were on level 4 of the Dungeon.
You worshipped Okawaru.
Okawaru was aware of your devotion.
You visited 2 branches of the dungeon, and saw 5 of its levels.

You collected 168 gold pieces.
You spent 161 gold pieces at shops.


   Skills:
 - Level 2.7 Fighting
 - Level 10.1 Ranged Weapons
 + Level 2.4 Dodging
 - Level 1.2 Stealth
 + Level 0.1 Invocations


You had 5 spell levels left.
You didn't know any spells.
Your spell library was empty.

Inventory:

Hand Weapons
 a - a +0 shortbow (weapon)
Armour
 f - a +0 ring mail (worn)
 l - a +1 cloak
Scrolls
 b - a scroll of identify
 h - a scroll of brand weapon {unknown}
 k - a scroll of revelation {unknown}
Potions
 c - a potion of brilliance {unknown}
 d - a potion of mutation
 e - a potion of attraction {unknown}
 g - a potion of resistance {unknown}
 i - 3 potions of enlightenment
 j - 2 potions of curing {unknown}

Dungeon Overview and Level Annotations

Branches:
Dungeon (4/15)             Temple (1/1) D:4

Altars:
Ashenzari
Cheibriados
Dithmenos
Fedhas
Gozag
Hepliaklqana
Kikubaaqudgha
Makhleb
Nemelex Xobeh
Okawaru
Qazlal
Ru
Sif Muna
Trog
Uskayaw
Vehumet
Wu Jian
Xom
Yredelemnul
The Shining One

Shops:
D:4 [


Message History

Okawaru accepts your kill.
An orc comes into view. It is wielding a +0 flail.
You shoot an arrow. The orc shouts!
The arrow hits the orc.
The orc is almost dead.
You shoot an arrow. The arrow completely misses the orc.
You shoot an arrow.
The arrow hits the orc but does no damage.
The orc is severely wounded.
You shoot an arrow. The arrow closely misses the orc.
The orc hits you with a +0 club.
You shoot an arrow.
The arrow hits the orc but does no damage.
The orc is severely wounded.
The orc closely misses you.
You shoot an arrow. The arrow barely misses the orc.
The orc hits you with a +0 club. The orc barely misses you.
The orc hits you with a +0 flail.
You shoot an arrow. The arrow hits the orc.
The orc is almost dead.
The orc hits you with a +0 club. The orc closely misses you.
The orc hits you with a +0 flail.
You shoot an arrow. The arrow completely misses the orc.
The orc barely misses you. The orc hits you but does no damage. x2
You shoot an arrow. The arrow barely misses the orc.
The orc hits you with a +0 club. The orc hits you with a +0 war axe.
The orc hits you with a +0 flail.
You shoot an arrow. The arrow hits the orc.
You kill the orc!
Okawaru accepts your kill. The orc hits you with a +0 war axe!
The orc misses you.
You shoot an arrow. The arrow hits the orc.
The orc is moderately wounded.
The orc hits you with a +0 war axe. The orc hits you but does no damage.
You shoot an arrow. The arrow barely misses the orc.
The orc barely misses you. The orc closely misses you.
You shoot an arrow. The arrow closely misses the orc.
The orc hits you with a +0 war axe!
You die...

..#....#......# #......#
..#....#......# #......#
.#####.#......# #......#
..##~###......# #......#
...'._}##.....# #))....#
...'._}##.....# #......#
..##P###......# #......'
.#######.....>######'######.
........#####...@o..)...
........# #...$o......
........# #...........
........# #........?..
........# #...........
........#...#...........
#...
........#...##########..
#...
........#............###
#... ........#...##........
....


You could see 2 orcs.

Vanquished Creatures
  A water moccasin (D:4)
  A sky beast (D:4)
  An ogre (D:4)
  An iguana (D:4)
  8 adders
  A dart slug (D:2)
  4 orcs
  7 endoplasms
  5 giant cockroaches
  12 goblins
  3 hobgoblins
  6 jackals
  2 quokkas
  6 ball pythons
  6 bats
  5 frilled lizards
  4 kobolds
  5 rats
78 creatures vanquished.

Notes
Turn   | Place    | Note
-------+----------+-------------------------------------------
     0 | D:1      | qw the Deep Elf Hunter began the quest for the Orb.
     0 | D:1      | Reached XP level 1. HP: 12/12 MP: 3/3
     0 | D:1      | 0 ||| qw: Version: 0.3-a-155-g5e7d8dd
     0 | D:1      | 0 ||| qw: Game counter: 3039
     0 | D:1      | 0 ||| qw: Melee chars always use a shield: true
     0 | D:1      | 0 ||| qw: God list: Okawaru
     0 | D:1      | 0 ||| qw: Allow faded altars: false
     0 | D:1      | 0 ||| qw: Do Orc after clearing Dungeon:15 true
     0 | D:1      | 0 ||| qw: Do second Lair branch before Depths: true
     0 | D:1      | 0 ||| qw: Lair rune preference: random
     0 | D:1      | 0 ||| qw: Goals: Normal
     0 | D:1      | 0 ||| PLANNING D:1-11
   288 | D:1      | Reached XP level 2. HP: 16/16 MP: 4/4
   301 | D:1      | Reached skill level 6 in Ranged Weapons
   592 | D:1      | 592 ||| READING scroll labelled QEQIUSHR NUTO.
   593 | D:1      | 593 ||| DROPPING scroll of butterflies.
   777 | D:2      | Reached XP level 3. HP: 15/20 MP: 5/5
  1036 | D:2      | Reached skill level 7 in Ranged Weapons
  1242 | D:2      | 1242 ||| UPGRADING to +0 ring mail.
  1252 | D:2      | 1252 ||| DROPPING +0 leather armour.
  1253 | D:2      | 1253 ||| READING scroll labelled DAERATT JECW.
  1254 | D:2      | 1254 ||| READING scroll labelled JEN ELUPNECIP.
  1254 | D:2      | 1254 ||| IDENTIFYING sedimented emerald potion
  1255 | D:2      | 1255 ||| DRINKING 2 amethyst potions.
  1256 | D:2      | 1256 ||| DRINKING 2 lumpy clear potions.
  1424 | D:3      | Identified the +11 dagger of False Hope {drain, Str+2}
  1526 | D:3      | Reached XP level 4. HP: 25/25 MP: 6/6
  2095 | D:3      | 2095 ||| DROPPING +3 leather armour.
  2096 | D:3      | 2096 ||| READING scroll labelled PAUMAG QODY.
  2175 | D:4      | 2175 ||| STAIRDANCE
  2263 | D:4      | Found a staircase to the Ecumenical Temple.
  2264 | D:4      | 2264 ||| PLANNING TEMPLE
  2270 | Temple   | Entered the Ecumenical Temple
  2271 | Temple   | 2271 ||| PLANNING OKAWARU WORSHIP
  2277 | Temple   | Became a worshipper of Warmaster Okawaru
  2278 | Temple   | 2278 ||| PLANNING D:1-11
  2347 | D:4      | Reached skill level 8 in Ranged Weapons
  2353 | D:4      | Reached XP level 5. HP: 18/29 MP: 7/7
  2472 | D:4      | Identified the +10 battleaxe of Kekkoon {vamp, rF+ Dex+3}
  2548 | D:4      | Noticed an ogre
  2552 | D:4      | Killed an ogre
  2553 | D:4      | Reached skill level 9 in Ranged Weapons
  2573 | D:4      | Found a broken altar of Ashenzari.
  2574 | D:4      | Found a blossoming altar of Fedhas.
  2580 | D:4      | Found Neixoz's Armour Shoppe.
  2586 | D:4      | Noticed a water moccasin
  2594 | D:4      | Killed a water moccasin
  2595 | D:4      | Reached XP level 6. HP: 36/36 MP: 8/8
  2595 | D:4      | 2595 ||| BUYING +1 cloak (161 gold).
  2595 | D:4      | Bought a +1 cloak for 161 gold pieces
  2595 | D:4      | 2595 ||| SHOPLISTING +2 swamp dragon scales (868 gold, have
                  | 7).
  2629 | D:4      | Noticed a sky beast
  2638 | D:4      | HP: 8/36 [something (6)]
  2640 | D:4      | HP: 1/36 [something (5)]
  2643 | D:4      | 2643 ||| DRINKING potion of heal wounds.
  2645 | D:4      | Killed a sky beast
  2645 | D:4      | Reached * piety under Okawaru
  2646 | D:4      | Reached skill level 10 in Ranged Weapons
  2822 | D:4      | HP: 4/36 [orc/+0 war axe (9)]
  2825 | D:4      | Slain by an orc

Levels and vault maps discovered:
D:1:      heliophobic_arrival_henge, layout_basic
D:2:      layout_basic
D:3:      layout_loops_ring, chequers_big_river
D:4:      layout_gridville, gammafunk_temple_overflow_wave, zin_treasury,
          minmay_temple_entry_ruins, serial_shops, shop,
          nicolae_concentric_dashed_squares_mild, minivault_24,
          nicolae_half_adder
Temple:   compressed_dpeg_circular_temple

Skill      XL: |  1  2  3  4  5  6 |
---------------+-------------------+-----
Ranged Weapons | 6 7 8 9 10 | 10.1
Fighting       | 2 |  2.7
Dodging        | |  2.4
Stealth        | |  1.2
Invocations    | |  0.1

Action                     |  1- 3 |  4- 6 || total
---------------------------+-------+-------++-------
   Fire: Shortbow          |    96 |   155 ||   251
    Use: Scroll            |     3 |     1 ||     4
         Potion            |     2 |     1 ||     3
 Armour: Leather armour    |    11 |       ||    11
         Ring mail         |       |    54 ||    54
  Dodge: Dodged            |    14 |    38 ||    52

Table legend:
 A = Non-vault XP
 B = Vault XP
 C = Vault XP percentage of total XP
 D = Non-vault monster count
 E = Vault monster count
 F = Vault count percentage of total count
                 A         B        C        D         E       F
            +---------+---------+-------+---------+---------+-------
      Total |     596 |      66 |  10.0 |      73 |       5 |   6.4
            +---------+---------+-------+---------+---------+-------
        D:1 |      25 |       0 |   0.0 |      17 |       0 |   0.0
        D:2 |      49 |       0 |   0.0 |      20 |       0 |   0.0
        D:3 |      54 |       0 |   0.0 |      17 |       0 |   0.0
        D:4 |     468 |      66 |  12.4 |      19 |       5 |  20.8
            +---------+---------+-------+---------+---------+-------
